 Dungeon Crawl Stone Soup version 0.26.1 (webtiles) character file.

Game seed: 16702458123007184711

48 Descartes the Covert (level 3, -3/17 HPs)
             Began as a Felid Delver on Feb 5, 2021.
             Killed from afar by a white imp (10 damage)
             ... with a puff of frost
             ... on level 3 of the Dungeon.
             The game lasted 00:02:05 (245 turns).

Descartes the Covert (Felid Delver)                  Turns: 245, Time: 00:02:05

Health: -3/17      AC:  1    Str:  9    XL:     3   Next: 50%
Magic:  4/4        EV: 18    Int: 11    God:
Gold:   0          SH:  0    Dex: 17    Spells: 2/2 levels left
                                        Lives:  0   Deaths: 1

rFire    . . .     SeeInvis +     - Unarmed
rCold    . . .     Faith    .   (shield unavailable)
rNeg     . . .     Spirit   .   (armour unavailable)
rPois    .         Reflect  .   (helmet unavailable)
rElec    .         Harm     .   (cloak unavailable)
rCorr    .         Rampage  .   (gloves unavailable)
Will     .....                  (boots unavailable)
Stlth    +++++.....             (no amulet)
HPRegen  0.05/turn              (no ring)
MPRegen  0.09/turn              (no ring)

@: quick
A: very small, no armour, no weapons or thrown items, stealth, claws 1, fangs 3,
see invisible, speed 1, shaggy fur 1, sharp paws
a: no special abilities


You were on level 3 of the Dungeon.
You visited 1 branch of the dungeon, and saw 3 of its levels.

Inventory:

Wands
 e - a wand of digging (3)
Scrolls
 a - a scroll of fog
 b - a scroll of magic mapping
 c - a scroll of fear


   Skills:
 - Level 3.0 Fighting
 + Level 2.8 Dodging
 + Level 9.1 Stealth
 + Level 2.0 Unarmed Combat


You had 2 spell levels left.
You didn't know any spells.
Your spell library was empty.

Dungeon Overview and Level Annotations

Branches:
Dungeon (5/15)
 Temple: D:4-7

Altars:


Innate Abilities, Weirdness & Mutations

You cannot wear armour.
You are incapable of wielding weapons or throwing items.
Your paws allow you to move quietly. (Stealth)
You have sharp claws.
You have razor-sharp teeth.
You have supernaturally acute eyesight. (SInv)
You cover ground quickly.
You are covered in fur. (AC +1)
Your sharp claws are effective at attacking unaware monsters.


Message History

You scratch the white imp but do no damage.
The white imp is heavily wounded.
The white imp grins evilly.
The white imp closely misses you.
You closely miss the white imp.
The white imp is heavily wounded.
The white imp gestures at you. The puff of frost hits you.
You are too injured to fight recklessly!
You are too injured to fight recklessly!
You are too injured to fight recklessly!
You scratch the white imp.
The white imp is severely wounded.
The dart slug misses you. The white imp barely misses you.
You scratch the white imp.
The white imp is almost dead.
The white imp gestures at you. The puff of frost hits you!
Ouch! That really hurt!
You die...

# ###. #
.....######.#..
#...w........
#...5@...#
########.#


You could see a white imp and a dart slug.

Vanquished Creatures
  An ogre (D:5)
  A hound skeleton (D:5)
  An adder (D:4)
  A ball python (D:4)
  A jackal (D:4)
5 creatures vanquished.

Notes
Turn   | Place    | Note
-------+----------+-------------------------------------------
     0 | D:5      | Descartes the Felid Delver began the quest for the Orb.
     0 | D:5      | Reached XP level 1. HP: 10/10 MP: 2/2
     8 | D:5      | Noticed an ogre
    13 | D:5      | Killed an ogre
    14 | D:5      | Reached skill level 8 in Stealth
    14 | D:5      | Reached XP level 2. HP: 14/14 MP: 3/3
    14 | D:5      | Reached XP level 3. HP: 17/17 MP: 4/4
    14 | D:5      | Reached XP level 4. HP: 21/21 MP: 5/5
    27 | D:5      | Reached skill level 9 in Stealth
   140 | D:4      | Noticed a phantom
   204 | D:4      | Slain by a phantom
   205 | D:4      | Reached XP level 3. HP: -3/17 MP: 4/4
   245 | D:3      | Killed from afar by a white imp

Illustrated notes

Levels and vault maps discovered:
D:3:      kennysheep_big_flooded_room, layout_loops_corners,
          nicolae_ru_the_path_less_chosen
D:4:      layout_layer_cave
D:5:      layout_cave_pools, kennysheep_mini, gammafunk_ghost_hive,
          grunt_decor_cap

Skill      XL: |  1  2  3  4 |
---------------+-------------+-----
Stealth        | 8 9 |  9.1
Fighting       | |  3.0
Dodging        | |  2.8
Unarmed Combat | |  2.0

Action                   |  1- 3 |  4- 6 || total
-------------------------+-------+-------++-------
Melee: Unarmed           |     8 |    22 ||    30
       Bite              |       |     3 ||     3
  Use: Potion            |       |     2 ||     2
 Stab: Sleeping          |     1 |     1 ||     2
Dodge: Dodged            |     8 |    15 ||    23
